 Dungeon Crawl Stone Soup version 0.28-a0-494-ge2d2658822 (webtiles) character file.

Game seed: 8748144999644518793

100 gruber the Archer (level 4, 0/41 HPs)
             Began as a Gnoll Wanderer on Sept 19, 2021.
             Succumbed to a scorpion's poison
             ... on level 3 of the Dungeon.
             The game lasted 00:02:07 (2450 turns).

gruber the Archer (Gnoll Wanderer)                  Turns: 2450, Time: 00:02:08

Health: 0/41       AC:  5    Str: 11    XL:     4   Next: 74%
Magic:  5/5        EV: 10    Int: 15    God:
Gold:   144        SH:  0    Dex:  9    Spells: 5/5 levels left

rFire   . . .      SeeInvis .   o - +0 rapier
rCold   . . .      Faith    .   (no shield)
rNeg    . . .      Spirit   .   c - +0 ring mail
rPois   .          Reflect  .   (no helmet)
rElec   .          Harm     .   (no cloak)
rCorr   .          Rampage  .   (no gloves)
Will    .....                   (no boots)
Stlth   +.........              (no amulet)
HPRegen 0.13/turn               (no ring)
MPRegen 0.09/turn               (no ring)

@: lethally poisoned (0 -> -2)
A: fangs 1, strong nose, distributed training
a: no special abilities


You were on level 3 of the Dungeon.
You visited 1 branch of the dungeon, and saw 3 of its levels.

You collected 144 gold pieces.

Inventory:

Hand Weapons
 a - a +2 shortbow
 o - a +0 rapier (weapon)
Missiles
 b - 79 arrows
 i - 8 poisoned darts (quivered)
Armour
 c - a +0 ring mail (worn)
Jewellery
 f - a +4 ring of protection
 j - a ring of fire
Scrolls
 d - a scroll of teleportation
 e - a scroll of silence {unknown}
 h - a scroll of brand weapon {unknown}
 l - a scroll of acquirement {unknown}
 m - a scroll of enchant armour {unknown}


   Skills:
 + Level 6.6 Fighting
 + Level 1.2 Short Blades
 + Level 1.2 Long Blades
 + Level 1.2 Axes
 + Level 1.2 Maces & Flails
 + Level 1.2 Polearms
 + Level 1.2 Staves
 + Level 1.2 Slings
 + Level 8.6 Bows
 + Level 1.2 Crossbows
 + Level 1.2 Throwing
 + Level 2.8 Armour
 + Level 1.2 Dodging
 + Level 2.6 Stealth
 + Level 1.2 Shields
 + Level 1.2 Unarmed Combat
 + Level 1.2 Spellcasting
 + Level 1.0 Conjurations
 + Level 1.0 Hexes
 + Level 1.0 Summonings
 + Level 1.0 Necromancy
 + Level 1.0 Translocations
 + Level 1.0 Transmutations
 + Level 1.0 Fire Magic
 + Level 1.0 Ice Magic
 + Level 1.0 Air Magic
 + Level 1.0 Earth Magic
 + Level 1.0 Poison Magic
 + Level 1.3 Invocations
 + Level 2.8 Evocations


You had 5 spell levels left.
You didn't know any spells.
Your spell library was empty.

Dungeon Overview and Level Annotations

Branches:
Dungeon (3/15)

Altars:


Innate Abilities, Weirdness & Mutations

You have very sharp teeth.
Your uncanny sense of smell can sniff out nearby items.
Your experience applies equally to all skills.


Message History

Your Summonings skill increases to level 1!
Your Necromancy skill increases to level 1!
Your Translocations skill increases to level 1!
Your Transmutations skill increases to level 1!
Your Fire Magic skill increases to level 1!
Your Ice Magic skill increases to level 1!
Your Air Magic skill increases to level 1!
Your Earth Magic skill increases to level 1!
Your Poison Magic skill increases to level 1!
You have reached level 4!
You feel clever.
Unknown command.
Okay, then.
* * * LOW HITPOINT WARNING * * *
You feel sick.
Things that are here:
a +0 short sword; a scorpion corpse It was a potion of attraction.
You feel attractive to monsters.
* * * LOW HITPOINT WARNING * * *
You feel sick.
It was a potion of might.
You feel very mighty all of a sudden.
* * * LOW HITPOINT WARNING * * *
You feel sick.
It was a potion of cancellation.
Your magical effects are unravelling.
You feel magically purged.
You feel a little less mighty now.
* * * LOW HITPOINT WARNING * * *
You feel sick.
You feel less attractive to monsters.
Unknown command.
There is a lethal amount of poison in your body!
There is a lethal amount of poison in your body!
There is a lethal amount of poison in your body!
* * * LOW HITPOINT WARNING * * *
You feel sick.
* * * LOW HITPOINT WARNING * * *
You feel sick.
You die...

#.###.##### #####.# #...
...#......# #.# #$.#
###.#####.# #.# #..# #.#
#.########.# #..# #.#
##........#.# #..# ###.#
##.#.#####.#.# #..#
..#.###.###.####)#.# #..#
.).....## ##...#.#.######..#
..#####.###.##..@..........#
###
##.#.#####................
##.## #################
#########.# ....>.....#
###########


There were no monsters in sight!

Vanquished Creatures
  A scorpion (D:3)
  An adder (D:2)
  A dart slug (D:2)
  2 ball pythons (D:2)
  3 bats
  5 endoplasms (D:2)
  3 giant cockroaches (D:1)
  3 goblins
  2 hobgoblins
  2 quokkas (D:1)
  2 frilled lizards
  3 kobolds (D:2)
  2 rats
30 creatures vanquished.

Notes
Turn   | Place    | Note
-------+----------+-------------------------------------------
     0 | D:1      | gruber the Gnoll Wanderer began the quest for the Orb.
     0 | D:1      | gruber set off with the following items: a +2 shortbow, 28
                  | arrows, a +0 ring mail, a scroll of teleportation
     0 | D:1      | Reached XP level 1. HP: 23/23 MP: 1/1
   302 | D:1      | Reached XP level 2. HP: 13/29 MP: 2/2
  1272 | D:2      | Reached XP level 3. HP: 27/35 MP: 3/3
  1706 | D:2      | Reached skill level 1 in Invocations
  2425 | D:3      | Noticed a scorpion
  2443 | D:3      | Killed a scorpion
  2444 | D:3      | Reached skill level 1 in Short Blades
  2444 | D:3      | Reached skill level 1 in Long Blades
  2444 | D:3      | Reached skill level 1 in Axes
  2444 | D:3      | Reached skill level 1 in Maces & Flails
  2444 | D:3      | Reached skill level 1 in Polearms
  2444 | D:3      | Reached skill level 1 in Staves
  2444 | D:3      | Reached skill level 1 in Slings
  2444 | D:3      | Reached skill level 1 in Crossbows
  2444 | D:3      | Reached skill level 1 in Throwing
  2444 | D:3      | Reached skill level 1 in Dodging
  2444 | D:3      | Reached skill level 1 in Shields
  2444 | D:3      | Reached skill level 1 in Unarmed Combat
  2444 | D:3      | Reached skill level 1 in Spellcasting
  2444 | D:3      | Reached skill level 1 in Conjurations
  2444 | D:3      | Reached skill level 1 in Hexes
  2444 | D:3      | Reached skill level 1 in Summonings
  2444 | D:3      | Reached skill level 1 in Necromancy
  2444 | D:3      | Reached skill level 1 in Translocations
  2444 | D:3      | Reached skill level 1 in Transmutations
  2444 | D:3      | Reached skill level 1 in Fire Magic
  2444 | D:3      | Reached skill level 1 in Ice Magic
  2444 | D:3      | Reached skill level 1 in Air Magic
  2444 | D:3      | Reached skill level 1 in Earth Magic
  2444 | D:3      | Reached skill level 1 in Poison Magic
  2444 | D:3      | Reached XP level 4. HP: 9/41 MP: 5/5
  2448 | D:3      | HP: 2/41 [poisoned by a scorpion]
  2450 | D:3      | Succumbed to a scorpion's poison

Illustrated notes

Levels and vault maps discovered:
D:1:      eino_arrival_cavern_e, layout_loops_ring
D:2:      layout_basic, kennysheep_generic_room_11
D:3:      layout_loops_ring

Skill      XL: |  1  2  3 |
---------------+----------+-----
Invocations    | 1 |  1.3
Short Blades   | 1 |  1.2
Long Blades    | 1 |  1.2
Axes           | 1 |  1.2
Maces & Flails | 1 |  1.2
Polearms       | 1 |  1.2
Staves         | 1 |  1.2
Slings         | 1 |  1.2
Crossbows      | 1 |  1.2
Throwing       | 1 |  1.2
Dodging        | 1 |  1.2
Shields        | 1 |  1.2
Unarmed Combat | 1 |  1.2
Spellcasting   | 1 |  1.2
Conjurations   | 1 |  1.0
Hexes          | 1 |  1.0
Summonings     | 1 |  1.0
Necromancy     | 1 |  1.0
Translocations | 1 |  1.0
Transmutations | 1 |  1.0
Fire Magic     | 1 |  1.0
Ice Magic      | 1 |  1.0
Air Magic      | 1 |  1.0
Earth Magic    | 1 |  1.0
Poison Magic   | 1 |  1.0
Fighting       | |  6.6
Bows           | |  8.6
Armour         | |  2.8
Stealth        | |  2.6
Evocations     | |  2.8

Action                   |  1- 3 |  4- 6 || total
-------------------------+-------+-------++-------
Melee: Dagger            |   159 |       ||   159
       Bite              |     8 |       ||     8
       Rapier            |     7 |       ||     7
 Fire: Shortbow          |     5 |       ||     5
Throw: Dart              |    15 |       ||    15
  Use: Potion            |       |     3 ||     3
Armor: Ring mail         |    59 |       ||    59
Dodge: Dodged            |    90 |       ||    90

Table legend: (Time is in decaauts)
 A = Elapsed time spent in this place.
 B = Non-inter-level travel time spent in this place.
 C = Inter-level travel time spent in this place.
 D = Time resting spent in this place.
 E = Time spent auto-exploring this place.
 F = Levels seen in this place.
 G = Mean time per level.
                   A        B        C        D        E       F      G
               +--------+--------+--------+--------+--------+-----+--------+
         Total |   2443 |   2379 |     64 |      0 |   2033 |   3 |  814.3 |
       Dungeon |   2443 |   2379 |     64 |      0 |   2033 |   3 |  814.3 |
               +--------+--------+--------+--------+--------+-----+--------+

Top non-repeatable levels by time:
     D:2: 1291 daAuts
     D:1: 889 daAuts
     D:3: 262 daAuts
